Map: Ruins of Seras

Players

HuK - Winner!

  • Race: Protoss Protoss

LiquidMaNa (MaNa)

  • Race: Protoss Protoss

Event: 2016 WCS Winter Circuit Championship

VOD

Have the link to the VOD?

Description

Time

  • Played on: March 3, 2016, 11:18 a.m.
  • Length: 5:10

All games in this series

Show
View Real Time Build Order
Export as new Build Order

HuK Protoss - Winner!

Build Orders: Oracle Opening 

Get SALT Encoding   

  12  0:00  Probe (Chrono Boost)  
  13  0:11  Probe (Chrono Boost)  
  14  0:17  Pylon  
  14  0:22  Probe (Chrono Boost)  
  16  0:35  Probe (Chrono Boost)  
  16  0:37  Gateway  
  16  0:42  Assimilator  
  16  0:46  Probe (Chrono Boost)  
  17  0:51  Assimilator  
  17  0:56  Probe (Chrono Boost)  
  18  1:06  Gateway  
  18  1:07  Probe (Chrono Boost)  
  19  1:18  Probe (Chrono Boost)  
  20  1:25  Cybernetics Core  
  20  1:28  Probe (Chrono Boost)  
  21  1:39  Probe (Chrono Boost)  
  22  1:42  Pylon  
  22  1:49  Probe (Chrono Boost)  
  23  2:02  Adept x2 (Chrono Boost)  
  23  2:03  Warp Gate (Chrono Boost)  
  23  2:07  Mothership Core  
  29  2:15  Pylon  
  29  2:29  Stargate  
  29  2:47  Stalker  
  29  2:48  Pylon  
  31  2:55  Probe  
  32  3:04  Gateway  
  32  3:08  Gateway  
  32  3:13  Oracle (Chrono Boost)  
  35  3:48  Oracle (Chrono Boost)  
  34  4:06  Pylon x2  
  34  4:10  Stalker x4  
  40  4:33  Stalker  
  40  4:34  Stalker x2  
  46  4:41  Stalker  
Show
View Real Time Build Order
Export as new Build Order

LiquidMaNa Protoss 

Build Orders: 1 Gate Expand 

Get SALT Encoding   

  12  0:00  Probe (Chrono Boost)  
  13  0:11  Probe (Chrono Boost)  
  14  0:19  Pylon  
  14  0:23  Probe (Chrono Boost)  
  15  0:37  Probe (Chrono Boost)  
  15  0:39  Gateway  
  16  0:43  Assimilator  
  16  0:48  Probe (Chrono Boost)  
  17  0:58  Probe (Chrono Boost)  
  18  1:09  Probe (Chrono Boost)  
  19  1:23  Nexus  
  19  1:33  Cybernetics Core  
  19  1:37  Probe (Chrono Boost)  
  20  1:47  Probe (Chrono Boost), Assimilator  
  21  1:54  Pylon  
  21  1:58  Probe (Chrono Boost)  
  22  2:11  Warp Gate (Chrono Boost)  
  22  2:13  Mothership Core (Chrono Boost)  
  24  2:20  Stalker (Chrono Boost)  
  26  2:32  Gateway  
  26  2:33  Probe  
  27  2:40  Probe  
  28  2:44  Stalker  
  28  2:45  Probe  
  31  2:52  Probe  
  32  2:58  Probe  
  33  3:08  Pylon, Probe  
  33  3:11  Stalker  
  36  3:21  Robotics Facility  
  33  3:39  Gateway  
  26  4:06  Stalker  
  26  4:09  Probe (Chrono Boost)  
  29  4:10  Probe (Chrono Boost)  
  30  4:18  Probe (Chrono Boost)  
  30  4:19  Observer (Chrono Boost)  
  30  4:21  Probe  
  33  4:27  Stalker  
  33  4:29  Probe  
  36  4:34  Probe  
  37  4:39  Probe  
  38  4:46  Probe  
Tags
 
Add a new tag
Caveats
  • Supply blocks, unpowered buildings, or Contaminate may cause inaccurate times.
  • Supply counts are checked every 10 seconds.